Map: Catalyst LE

Players

LaFantome - Winner!

  • Race: Zerg Zerg
  • League: Diamond
  • Spawn Location: 11:00

DimaT

  • Race: Terran Terran
  • League: Diamond
  • Spawn Location: 5:00

VOD

Have the link to the VOD?

Description

Time

  • Played on: March 30, 2018, 11:21 a.m.
  • Length: 12:04
Show
View Real Time Build Order
Export as new Build Order

LaFantome Zerg - Winner!

Build Orders: Hatch First 

Get SALT Encoding   

  12  0:00  Drone  
  13  0:13  Overlord  
  13  0:17  Drone  
  14  0:31  Drone x2  
  14  0:35  Drone  
  17  0:55  Drone, Hatchery  
  17  0:59  Drone  
  18  1:10  Extractor  
  17  1:16  Spawning Pool  
  17  1:17  Drone  
  17  1:20  Drone  
  18  1:28  Drone  
  19  1:39  Overlord  
  19  1:52  Drone  
  20  2:03  Zergling x2  
  20  2:06  Queen x2  
  20  2:07  Zergling x2  
  26  2:11  Metabolic Boost  
  26  2:13  Drone  
  27  2:18  Drone  
  27  2:22  Drone  
  29  2:29  Drone  
  30  2:34  Overlord  
  30  2:46  Hatchery  
  28  2:52  Drone  
  28  2:53  Drone x2  
  28  2:55  Drone  
  32  3:01  Drone  
  33  3:06  Zergling x2  
  34  3:22  Zergling x4  
  34  3:23  Zergling x4  
  34  3:24  Drone x4  
  42  3:50  Drone  
  42  3:51  Drone  
  42  3:53  Overlord  
  42  3:54  Extractor, Overlord  
  43  3:56  Extractor  
  43  3:58  Drone  
  43  3:59  Drone x4  
  47  4:03  Drone x2  
  47  4:04  Roach Warren  
  45  4:20  Drone  
  45  4:21  Drone x3  
  46  4:42  Extractor  
  46  4:44  Roach  
  46  4:45  Roach x7  
  61  4:47  Overlord x3  
  61  4:48  Overlord  
  61  4:59  Queen x2  
  65  5:01  Zergling x2  
  65  5:04  Queen  
  65  5:06  Zergling x2  
  69  5:07  Zergling x8  
  73  5:15  Roach x3  
  73  5:16  Roach x4  
  73  5:20  Overlord  
  87  5:34  Drone x3  
  87  5:35  Drone  
  91  5:49  Drone x10  
  101  6:10  Drone  
  101  6:11  Drone x7  
  100  6:20  Spore Crawler  
  100  6:21  Spore Crawler  
  100  6:22  Spore Crawler  
  97  6:29  Extractor  
  97  6:30  Extractor  
  95  6:32  Overlord  
  95  6:33  Overlord x2  
  95  6:39  Evolution Chamber  
  94  6:40  Evolution Chamber, Drone x5  
  94  6:44  Hatchery  
  97  6:54  Lair  
  97  6:57  Drone x4  
  101  7:14  Zerg Missile Weapons Level 1, Zerg Ground Armor Level 1  
  101  7:15  Drone  
  102  7:17  Drone x3  
  102  7:21  Roach x9  
  123  7:25  Overlord  
  123  7:30  Overlord  
  123  7:45  Zergling x12  
  123  7:47  Overlord x5  
  123  7:49  Ravager x4  
  123  7:50  Ravager x4  
  137  7:54  Glial Reconstitution  
  137  8:06  Ravager  
  137  8:07  Ravager x7  
  145  8:20  Overlord x2  
  145  8:21  Zergling x2  
  145  8:22  Zergling x32  
  80  9:09  Zergling x24  
  93  9:10  Zergling x20  
  93  9:12  Spore Crawler  
  98  9:18  Hydralisk Den  
  98  9:21  Queen x3  
  98  9:23  Zergling x8  
  101  9:52  Roach x2  
  96  9:53  Roach x16  
  96  9:59  Grooved Spines  
  117  10:12  Zergling x2  
  117  10:13  Zergling x8  
  101  10:50  Hydralisk x7  
  101  10:52  Hydralisk x5  
  125  10:57  Hydralisk x2  
Show
View Real Time Build Order
Export as new Build Order

DimaT Terran 

Build Orders: Mech 

Get SALT Encoding   

  12  0:02  SCV  
  13  0:14  SCV  
  13  0:18  Supply Depot  
  14  0:26  SCV  
  15  0:33  Refinery  
  15  0:40  SCV  
  16  0:45  Barracks  
  16  0:52  SCV  
  17  1:04  SCV  
  18  1:16  SCV  
  19  1:28  SCV  
  20  1:34  Reaper  
  21  1:43  Command Center  
  21  1:51  Orbital Command  
  21  1:58  Refinery  
  21  2:04  Supply Depot  
  21  2:06  Reaper  
  22  2:17  Factory  
  22  2:19  SCV  
  23  2:33  Supply Depot  
  23  2:52  Barracks Reactor  
  23  2:53  SCV  
  24  3:05  SCV, Orbital Command  
  25  3:09  Factory  
  25  3:10  Refinery  
  25  3:17  SCV  
  26  3:29  SCV  
  27  3:35  SCV  
  27  3:39  Barracks Reactor  
  27  3:40  Supply Depot  
  28  3:41  SCV  
  28  3:47  SCV, Hellion x2  
  32  3:53  SCV  
  32  3:55  Hellion  
  28  4:20  Armory  
  25  4:30  SCV x2  
  27  4:42  SCV x2  
  29  4:54  SCV x2  
  29  4:56  Barracks Reactor  
  29  4:57  Factory  
  31  5:06  SCV x2  
  33  5:15  Hellion x2  
  33  5:16  Hellion x2  
  33  5:18  SCV x2  
  33  5:19  Hellion x2  
  43  5:27  Supply Depot  
  43  5:28  Terran Vehicle Weapons Level 1  
  43  5:30  SCV x2  
  45  5:42  SCV x2  
  47  5:43  Factory  
  47  5:44  Cyclone, Hellion  
  47  5:49  Supply Depot  
  52  5:54  SCV x2, Barracks Tech Lab  
  54  6:06  SCV x2  
  56  6:12  Supply Depot  
  56  6:18  SCV, Cyclone x3, Hellion x2  
  57  6:19  SCV  
  59  6:30  SCV, Starport  
  59  6:31  SCV  
  61  6:37  Cyclone  
  61  6:39  Cyclone  
  67  6:40  Barracks Tech Lab  
  67  6:43  SCV  
  67  6:45  Cyclone  
  71  6:50  Cyclone  
  74  6:54  Supply Depot  
  74  7:05  Supply Depot  
  74  7:06  Siege Tank  
  77  7:10  Cyclone  
  77  7:13  Banshee  
  83  7:16  Hellion x2  
  83  7:19  Supply Depot  
  87  7:28  Supply Depot  
  87  7:30  Terran Vehicle Weapons Level 2  
  87  7:33  Command Center  
  87  7:53  Cyclone  
  87  7:55  Hellion x4  
  87  7:56  Banshee  
  101  8:00  Refinery  
  101  8:01  Supply Depot  
  101  8:14  Cyclone  
  101  8:15  Hellion  
  101  8:16  Hellion  
  106  8:39  Banshee  
  76  8:52  Cyclone x2, Hellion  
  76  8:53  Cyclone, Hellion x3  
  66  9:14  Cyclone, Hellion x3  
  75  9:20  Marine  
  76  9:24  Hellion  
  76  9:25  Hellion  
  80  9:32  Orbital Command  
  80  9:37  Marine  
  81  9:41  Refinery  
  81  9:45  Refinery  
  81  9:52  Hellion x2  
  87  9:53  Hellion x5  
  87  9:55  Marine  
  90  10:02  SCV x3  
  93  10:13  Marine  
  93  10:14  SCV, Hellion  
  93  10:31  Marine  
  64  10:42  Cyclone  
  64  10:43  Hellion x6  
  64  10:44  Banshee  
  72  10:56  Marine  
  70  10:57  Orbital Command  
  72  11:04  Cyclone x2, Hellion  
  73  11:14  Marine  
  57  11:30  SCV x3  
  57  11:32  Marine  
  49  11:42  SCV x3  
Tags
 
Composition
Mech
Matchup
TvZ
Spawn Locations
Cross Positions
Add a new tag
Caveats
  • Supply blocks, unpowered buildings, or Contaminate may cause inaccurate times.
  • Supply counts are checked every 10 seconds.